Workbook

Sheet MEDIÇÃO 3
A1: BOLETIM DE | E1: =I7 -> MEDIÇÃO 03 | K1: DATA: 14/04/2023
A3: OBRA: CONSTRUÇÃO DA SEDE MUNICIPAL | D3: CONTRATO Nº: | F3: 107/2022 | H3: Assinatura: 02/12/2022 | K3: INÍCIO: | M3: 44928
K4: TÉRMINO: | M4: 45288
A5: LOCAL: RUA ATÍLIO DALLA BERNARDINA | D5: PERÍODO: | F5: 44992 | H5: a | I5: 45022 | K5: PRAZO: | M5: 360 DIAS
A6: EMPREITEIRA: DELFIN CONSTRUTORA LTDA EPP | F6: =I7 -> MEDIÇÃO 03 | I6: =L556 -> 142637.39 | K6: % MÊS: | L6: =H556 -> 0.021334977 | M6: % ACUM: | N6: =H557 -> 0.0689483
A7: ITEM | B7: ESPECIFICAÇÃO | C7: UNID. | D7: QUANT. | E7: UNIT + BDI | F7: ACUMULADO ANTERIOR | I7: MEDIÇÃO 03 | L7: TOTAL MEDIDO
F8: QUANT. | G8: TOTAL | H8: % | I8: QUANT. | J8: TOTAL | K8: % | L8: QUANT. | M8: TOTAL | N8: %
A9: 1 | B9: SERVIÇOS PRELIMINARES | J9: =SUM(J11:J12) -> 2044.6524
A10: 1.1 | B10: LOCAÇÃO
A11: 1.1.1 | B11: Locação de obra com gabarito de madeira | C11: m² | D11: 985 | E11: 10.382232 | F11: 985 | G11: =F11*E11 -> 10226.499 | H11: =F11/D11 -> 1 | J11: =I11*E11 -> 0 | K11: =I11/D11 -> 0 | L11: =F11+I11 -> 985 | M11: =G11+J11 -> 10226.499 | N11: =H11+K11 -> 1
A12: 1.1.2 | B12: Equipe topográfica para serviços simples de locação e nivelamento (incluindo equipamento, transporte e profissionais nivel médio) | C12: mês | D12: 0.25 | E12: 22718.36 | F12: 0.16 | G12: =F12*E12 -> 3634.9376 | H12: =F12/D12 -> 0.64 | I12: =D12-F12 -> 0.09 | J12: =I12*E12 -> 2044.6524 | K12: =I12/D12 -> 0.36 | L12: =F12+I12 -> 0.25 | M12: =G12+J12 -> 5679.59 | N12: =H12+K12 -> 1
A13: 2 | B13: INSTALAÇÃO DO CANTEIRO DE OBRAS | J13: =SUM(J15:J29) -> 0
A14: 2.1 | B14: TAPUMES, BARRACÕES E COBERTURAS
A15: 2.1.1 | B15: Placa de obra nas dimensões de 2.0 x 4.0 m, padrão DER | C15: m² | D15: 8 | E15: 352.55 | F15: 8 | G15: =F15*E15 -> 2820.4 | H15: =F15/D15 -> 1 | J15: =I15*E15 -> 0 | K15: =I15/D15 -> 0 | L15: =F15+I15 -> 8 | M15: =G15+J15 -> 2820.4 | N15: =H15+K15 -> 1
A16: 2.1.2 | B16: Locação de andaime metálico para trabalho em fachada de edifíco (aluguel de 1 m² por 1 mês) inclusive frete, montagem e desmontagem | C16: m² | D16: 1151.2 | E16: 26.829995 | F16: 0 | G16: =F16*E16 -> 0 | H16: =F16/D16 -> 0 | J16: =I16*E16 -> 0 | K16: =I16/D16 -> 0 | L16: =F16+I16 -> 0 | M16: =G16+J16 -> 0 | N16: =H16+K16 -> 0
A17: 2.1.3 | B17: Fornecimento e instalação de proteção para andaime fachadeiro considerando plataforma, rodapé e guarda-corpo em madeira, inclusive entelamento, conforme NR-18 (medido por m2 de fachada) | C17: m² | D17: 1151.2 | E17: 24.42126 | F17: 0 | G17: =F17*E17 -> 0 | H17: =F17/D17 -> 0 | J17: =I17*E17 -> 0 | K17: =I17/D17 -> 0 | L17: =F17+I17 -> 0 | M17: =G17+J17 -> 0 | N17: =H17+K17 -> 0
A18: 2.1.4 | B18: Tapume Telha Metálica Ondulada em aço galvalume 0,50mm Branca h=2,20m, incl. montagem estr. mad. 8"x8", c/adesivo "DER-ES" 60x60cm a cada 10m, incl. faixas pint. esmalte sint. cores azul c/ h=30cm e rosa c/ h=10cm (Reaproveitamento 2x) | C18: m | D18: 308.95 | E18: 207.2227 | F18: 162.55 | G18: =F18*E18 -> 33684.05 | H18: =F18/D18 -> 0.52613692 | J18: =I18*E18 -> 0 | K18: =I18/D18 -> 0 | L18: =F18+I18 -> 162.55 | M18: =G18+J18 -> 33684.05 | N18: =H18+K18 -> 0.52613692
A19: 2.2 | B19: INSTALAÇÃO DO CANTEIRO DE OBRAS
A20: 2.2.1 | B20: Barracão para escritório com sanitário área 14.50m2, de chapa de compens. 12mm e pontalete 8x8cm, piso cimentado e cobertura de telha de fibroc. 6mm, incl. ponto de luz e cx. de inspeção, conf. projeto (2 utilizações) | C20: m² | D20: 14.5 | E20: 623.6819 | F20: 14.5 | G20: =F20*E20 -> 9043.3876 | H20: =F20/D20 -> 1 | J20: =I20*E20 -> 0 | K20: =I20/D20 -> 0 | L20: =F20+I20 -> 14.5 | M20: =G20+J20 -> 9043.3876 | N20: =H20+K20 -> 1
A21: 2.2.2 | B21: Barracão para almoxarifado área de 10.90m2, de chapa de compensado 12mm e pontaletes 8x8cm, piso cimentado e cobertura de telha de fibrocimento de 6mm, inclusive ponto de luz, conf. projeto (2 utilizações) | C21: m² | D21: 10.9 | E21: 470.74856 | F21: 10.9 | G21: =F21*E21 -> 5131.1592 | H21: =F21/D21 -> 1 | J21: =I21*E21 -> 0 | K21: =I21/D21 -> 0 | L21: =F21+I21 -> 10.9 | M21: =G21+J21 -> 5131.1592 | N21: =H21+K21 -> 1
A22: 2.2.3 | B22: Barracão para depósito de cimento área de 10.90m2, de chapa de compensado 12mm e pontaletes 8x8cm, piso cimentado e cobertura de telhas de fibrocimento de 6mm, inclusive ponto de luz, conf. projeto (2 utilizações) | C22: m² | D22: 10.9 | E22: 413.78692 | F22: 10.9 | G22: =F22*E22 -> 4510.2775 | H22: =F22/D22 -> 1 | J22: =I22*E22 -> 0 | K22: =I22/D22 -> 0 | L22: =F22+I22 -> 10.9 | M22: =G22+J22 -> 4510.2775 | N22: =H22+K22 -> 1
A23: 2.2.4 | B23: Unidade de sanitário e vestiário para até 20 func. área 18.15m2, paredes de chapa compens. 12mm e pontalete 8x8cm, piso cimentado, cobert. telha fibroc. 6mm, incl. inst. de luz e cx. de inspeção, conf. projeto (2 utilizações) | C23: und | D23: 1 | E23: 12460.222 | F23: 1 | G23: =F23*E23 -> 12460.222 | H23: =F23/D23 -> 1 | J23: =I23*E23 -> 0 | K23: =I23/D23 -> 0 | L23: =F23+I23 -> 1 | M23: =G23+J23 -> 12460.222 | N23: =H23+K23 -> 1
A24: 2.2.5 | B24: Galpão para serraria e carpintaria área 12.00m2, em peças de madeira 8x8cm e contraventamento de 5x7cm, cobertura de telhas de fibroc. de 6mm, inclusive ponto e cabo de alimentação da máquina, conf. projeto (2 utilizações) | C24: m² | D24: 12 | E24: 151.88809 | F24: 12 | G24: =F24*E24 -> 1822.6571 | H24: =F24/D24 -> 1 | J24: =I24*E24 -> 0 | K24: =I24/D24 -> 0 | L24: =F24+I24 -> 12 | M24: =G24+J24 -> 1822.6571 | N24: =H24+K24 -> 1
A25: 2.2.6 | B25: Galpão para corte e armação com área de 6.00m2, de peças de madeira 8x8cm e contraventamento de 5x7cm, cobertura de telhas de fibroc. de 6mm, inclusive ponto e cabo de alimentação da máquina, conf. projeto (2 utilizações) | C25: m² | D25: 6 | E25: 204.34266 | F25: 6 | G25: =F25*E25 -> 1226.0559 | H25: =F25/D25 -> 1 | J25: =I25*E25 -> 0 | K25: =I25/D25 -> 0 | L25: =F25+I25 -> 6 | M25: =G25+J25 -> 1226.0559 | N25: =H25+K25 -> 1
A26: 2.2.7 | B26: Reservatório de poliestileno de 500 L, incl. suporte em madeira de 7x12cm e 5x7cm, elevado de 4m, conforme projeto (2 utilizações) | C26: und | D26: 1 | E26: 1298.0347 | F26: 1 | G26: =F26*E26 -> 1298.0347 | H26: =F26/D26 -> 1 | J26: =I26*E26 -> 0 | K26: =I26/D26 -> 0 | L26: =F26+I26 -> 1 | M26: =G26+J26 -> 1298.0347 | N26: =H26+K26 -> 1
A27: 2.2.8 | B27: Rede de água, com padrão de entrada d | C27: m | D27: 25 | E27: 33.467355 | F27: 25 | G27: =F27*E27 -> 836.68387 | H27: =F27/D27 -> 1 | J27: =I27*E27 -> 0 | K27: =I27/D27 -> 0 | L27: =F27+I27 -> 25 | M27: =G27+J27 -> 836.68387 | N27: =H27+K27 -> 1
A28: 2.2.9 | B28: Rede de esgoto, contendo fossa e filtro, inclusive tubos e conexões de ligação entre caixas, considerando distância de 25m, conforme projeto (1 utilização) | C28: m | D28: 25 | E28: 383.20601 | F28: 25 | G28: =F28*E28 -> 9580.1502 | H28: =F28/D28 -> 1 | J28: =I28*E28 -> 0 | K28: =I28/D28 -> 0 | L28: =F28+I28 -> 25 | M28: =G28+J28 -> 9580.1502 | N28: =H28+K28 -> 1
A29: 2.2.10 | B29: Rede de luz, incl. padrão entrada de energia trifás., cabo de ligação até barracões, quadro de distrib., disj. e chave de força (quando necessário), cons. 20m entre padrão entrada e QDG, conf. projeto (1 utilização) | C29: m | D29: 10 | E29: 479.23526 | F29: 10 | G29: =F29*E29 -> 4792.3526 | H29: =F29/D29 -> 1 | J29: =I29*E29 -> 0 | K29: =I29/D29 -> 0 | L29: =F29+I29 -> 10 | M29: =G29+J29 -> 4792.3526 | N29: =H29+K29 -> 1
A30: 3 | B30: MOVIMENTO DE TERRA | J30: =SUM(J32:J38) -> 8014.8805
A31: 3.1 | B31: ESCAVAÇÕES
A32: 3.1.1 | B32: Escavação mecânica em material de 1a. categoria | C32: m³ | D32: 3237.54 | E32: 14.589997 | F32: 1986.23 | G32: =F32*E32 -> 28979.09 | H32: =F32/D32 -> 0.61349976 | I32: 335.38 | J32: =I32*E32 -> 4893.1933 | K32: =I32/D32 -> 0.103591 | L32: =F32+I32 -> 2321.61 | M32: =G32+J32 -> 33872.284 | N32: =H32+K32 -> 0.71709075
A33: 3.2 | B33: REATERRO E COMPACTAÇÃO
A34: 3.2.1 | B34: Reaterro apiloado de cavas de fundação, em camadas de 20 cm | C34: m³ | D34: 16.74 | E34: 70.899642 | F34: 0 | G34: =F34*E34 -> 0 | H34: =F34/D34 -> 0 | J34: =I34*E34 -> 0 | K34: =I34/D34 -> 0 | L34: =F34+I34 -> 0 | M34: =G34+J34 -> 0 | N34: =H34+K34 -> 0
A35: 3.2.2 | B35: Aterro compactado utilizando compactador de placa vibratória com reaproveitamento do material | C35: m³ | D35: 800 | E35: 35.11 | F35: 0 | G35: =F35*E35 -> 0 | H35: =F35/D35 -> 0 | J35: =I35*E35 -> 0 | K35: =I35/D35 -> 0 | L35: =F35+I35 -> 0 | M35: =G35+J35 -> 0 | N35: =H35+K35 -> 0
A36: 3.3 | B36: TRANSPORTES
A37: 3.3.1 | B37: Índice de preço para remoção de entulho decorrente da execução de obras (Classe A CONAMA - NBR 10.004 - Classe II-B), incluindo aluguel da caçamba, carga, transporte e descarga em área licenciada | C37: m³ | D37: 209.29 | E37: 81.789957 | F37: 0 | G37: =F37*E37 -> 0 | H37: =F37/D37 -> 0 | J37: =I37*E37 -> 0 | K37: =I37/D37 -> 0 | L37: =F37+I37 -> 0 | M37: =G37+J37 -> 0 | N37: =H37+K37 -> 0
A38: 3.3.2 | B38: CARGA, MANOBRA E DESCARGA DE ENTULHO EM CAMINHÃO BASCULANTE 10 M³ DESCARGA LIVRE (UNIDADE: M3) | C38: m³ | D38: 3052.74 | E38: 7.1599972 | F38: 2582.09 | G38: =F38*E38 -> 18487.757 | H38: =F38/D38 -> 0.84582703 | I38: 435.99 | J38: =I38*E38 -> 3121.6872 | K38: =I38/D38 -> 0.14281924 | L38: =F38+I38 -> 3018.08 | M38: =G38+J38 -> 21609.444 | N38: =H38+K38 -> 0.98864627
A39: 4 | B39: ESTRUTURAS | J39: =SUM(J41:J61) -> 132481.34
A40: 4.1 | B40: INFRA-ESTRUTURA (FUNDAÇÃO ESTAQUEAMENTO)
A41: 4.1.1 | B41: MOBILIZAÇÃO E DESMOBILIZAÇÃO DE EQUIPAMENTO PARA ESTACA CRAVADA DMT DE 50,1 A 100 KM | C41: UN | D41: 1 | E41: 12030.98 | F41: 1 | G41: =F41*E41 -> 12030.98 | H41: =F41/D41 -> 1 | J41: =I41*E41 -> 0 | K41: =I41/D41 -> 0 | L41: =F41+I41 -> 1 | M41: =G41+J41 -> 12030.98 | N41: =H41+K41 -> 1
A42: 4.1.2 | B42: Fornecimento de estaca pré-moldada 20cmx20cm com capacidade de carga de 40,0tf | C42: M | D42: 334 | E42: 114.93975 | F42: 334 | G42: =F42*E42 -> 38389.875 | H42: =F42/D42 -> 1 | J42: =I42*E42 -> 0 | K42: =I42/D42 -> 0 | L42: =F42+I42 -> 334 | M42: =G42+J42 -> 38389.875 | N42: =H42+K42 -> 1
A43: 4.1.3 | B43: Fornecimento de estaca pré-moldada 23cmx23cm com capacidade de carga de 60,0tf | C43: M | D43: 392 | E43: 148.26326 | F43: 392 | G43: =F43*E43 -> 58119.198 | H43: =F43/D43 -> 1 | J43: =I43*E43 -> 0 | K43: =I43/D43 -> 0 | L43: =F43+I43 -> 392 | M43: =G43+J43 -> 58119.198 | N43: =H43+K43 -> 1
A44: 4.1.4 | B44: Cravação de estacas pré-moldadas 20cmx20cm com equipamento com capacidade mínima de 2,0tf | C44: M | D44: 334 | E44: 62.4 | F44: 334 | G44: =F44*E44 -> 20841.6 | H44: =F44/D44 -> 1 | J44: =I44*E44 -> 0 | K44: =I44/D44 -> 0 | L44: =F44+I44 -> 334 | M44: =G44+J44 -> 20841.6 | N44: =H44+K44 -> 1
A45: 4.1.5 | B45: Cravação de estacas pré-moldadas 23cmx23cm com equipamento com capacidade mínima de 2,0tf | C45: M | D45: 392 | E45: 70.49 | F45: 392 | G45: =F45*E45 -> 27632.08 | H45: =F45/D45 -> 1 | J45: =I45*E45 -> 0 | K45: =I45/D45 -> 0 | L45: =F45+I45 -> 392 | M45: =G45+J45 -> 27632.08 | N45: =H45+K45 -> 1
A46: 4.1.6 | B46: Emenda de estacas pré-moldadas 20cmx20cm | C46: UN | D46: 50 | E46: 70.99 | F46: 50 | G46: =F46*E46 -> 3549.5 | H46: =F46/D46 -> 1 | J46: =I46*E46 -> 0 | K46: =I46/D46 -> 0 | L46: =F46+I46 -> 50 | M46: =G46+J46 -> 3549.5 | N46: =H46+K46 -> 1
A47: 4.1.7 | B47: Emenda de estacas pré-moldadas 23cmx23cm | C47: UN | D47: 56 | E47: 70.99 | F47: 56 | G47: =F47*E47 -> 3975.44 | H47: =F47/D47 -> 1 | J47: =I47*E47 -> 0 | K47: =I47/D47 -> 0 | L47: =F47+I47 -> 56 | M47: =G47+J47 -> 3975.44 | N47: =H47+K47 -> 1
A48: 4.1.8 | B48: Arrasamento de estaca de concreto armado, até 30cm de lado ou diâmetro | C48: UN | D48: 106 | E48: 59.68 | F48: 88 | G48: =F48*E48 -> 5251.84 | H48: =F48/D48 -> 0.83018868 | I48: 12 | J48: =I48*E48 -> 716.16 | K48: =I48/D48 -> 0.11320755 | L48: =F48+I48 -> 100 | M48: =G48+J48 -> 5968 | N48: =H48+K48 -> 0.94339623
A49: 4.2 | B49: INFRA-ESTRUTURA (FUNDAÇÃO)
A50: 4.2.1 | B50: Fôrma de tábua de madeira de 2.5 x 30.0 cm para fundações, levando-se em conta a utilização 5 vezes (incluido o material, corte, montagem, escoramento e desforma) | C50: m² | D50: 1218 | E50: 73.696896 | F50: 0 | G50: =F50*E50 -> 0 | H50: =F50/D50 -> 0 | I50: 265.39 | J50: =I50*E50 -> 19558.419 | K50: =I50/D50 -> 0.21788998 | L50: =F50+I50 -> 265.39 | M50: =G50+J50 -> 19558.419 | N50: =H50+K50 -> 0.21788998
A51: 4.2.2 | B51: Fornecimento, preparo e aplicação de concreto Fck = 30 MPa (com brita 1 e 2) - (5% de perdas já incluído no custo) | C51: m³ | D51: 225.3 | E51: 858.60999 | F51: 0 | G51: =F51*E51 -> 0 | H51: =F51/D51 -> 0 | I51: 44.51 | J51: =I51*E51 -> 38216.731 | K51: =I51/D51 -> 0.19755881 | L51: =F51+I51 -> 44.51 | M51: =G51+J51 -> 38216.731 | N51: =H51+K51 -> 0.19755881
A52: 4.2.3 | B52: Fornecimento, preparo e aplicação de concreto magro com consumo mínimo de cimento de 250 kg/m3 (brita 1 e 2) - (5% de perdas já incluído no custo) | C52: m³ | D52: 50.7 | E52: 762.07988 | F52: 0 | G52: =F52*E52 -> 0 | H52: =F52/D52 -> 0 | I52: 3.55 | J52: =I52*E52 -> 2705.3836 | K52: =I52/D52 -> 0.070019724 | L52: =F52+I52 -> 3.55 | M52: =G52+J52 -> 2705.3836 | N52: =H52+K52 -> 0.070019724
A53: 4.2.4 | B53: Fornecimento, dobragem e colocação em fôrma, de armadura CA-60 B fina, diâmetro de 4.0 a 7.0mm | C53: kg | D53: 3886 | E53: 11.750334 | F53: 0 | G53: =F53*E53 -> 0 | H53: =F53/D53 -> 0 | I53: 66.46 | J53: =I53*E53 -> 780.9272 | K53: =I53/D53 -> 0.017102419 | L53: =F53+I53 -> 66.46 | M53: =G53+J53 -> 780.9272 | N53: =H53+K53 -> 0.017102419
A54: 4.2.5 | B54: Fornecimento, dobragem e colocação em fôrma, de armadura CA-50 A média, diâmetro de 6.3 a 10.0 mm | C54: kg | D54: 5586 | E54: 11.302824 | F54: 0 | G54: =F54*E54 -> 0 | H54: =F54/D54 -> 0 | I54: 1427.33 | J54: =I54*E54 -> 16132.86 | K54: =I54/D54 -> 0.25551916 | L54: =F54+I54 -> 1427.33 | M54: =G54+J54 -> 16132.86 | N54: =H54+K54 -> 0.25551916
A55: 4.2.6 | B55: Fornecimento, dobragem e colocação em fôrma, de armadura CA-50 A grossa diâmetro de 12.5 a 25.0 mm (1/2 a 1") | C55: kg | D55: 9427 | E55: 11.622474 | F55: 0 | G55: =F55*E55 -> 0 | H55: =F55/D55 -> 0 | I55: 4678.08 | J55: =I55*E55 -> 54370.863 | K55: =I55/D55 -> 0.49624271 | L55: =F55+I55 -> 4678.08 | M55: =G55+J55 -> 54370.863 | N55: =H55+K55 -> 0.49624271
A56: 4.3 | B56: SUPER-ESTRUTURA
A57: 4.3.1 | B57: Forma de chapas madeira compensada resinada, esp. 12mm, levando-se em conta a utilização 3 vezes, reforçadas com sarrafos de madeira de 2.5 x 10.0cm (incl material, corte, montagem, escoras em eucalipto e desforma) | C57: m² | D57: 3793 | E57: 119.13821 | F57: 0 | G57: =F57*E57 -> 0 | H57: =F57/D57 -> 0 | J57: =I57*E57 -> 0 | K57: =I57/D57 -> 0 | L57: =F57+I57 -> 0 | M57: =G57+J57 -> 0 | N57: =H57+K57 -> 0
A58: 4.3.2 | B58: Fornecimento e aplicação de concreto USINADO Fck=30 MPa - considerando BOMBEAMENTO (5% de perdas já incluído no custo) (6% de taxa p/ concr. bombeavel) | C58: m³ | D58: 481.7 | E58: 623.83998 | F58: 0 | G58: =F58*E58 -> 0 | H58: =F58/D58 -> 0 | J58: =I58*E58 -> 0 | K58: =I58/D58 -> 0 | L58: =F58+I58 -> 0 | M58: =G58+J58 -> 0 | N58: =H58+K58 -> 0
A59: 4.3.3 | B59: Fornecimento, dobragem e colocação em fôrma, de armadura CA-60 B fina, diâmetro de 4.0 a 7.0mm | C59: kg | D59: 4067 | E59: 11.733792 | F59: 0 | G59: =F59*E59 -> 0 | H59: =F59/D59 -> 0 | J59: =I59*E59 -> 0 | K59: =I59/D59 -> 0 | L59: =F59+I59 -> 0 | M59: =G59+J59 -> 0 | N59: =H59+K59 -> 0
A60: 4.3.4 | B60: Fornecimento, dobragem e colocação em fôrma, de armadura CA-50 A média, diâmetro de 6.3 a 10.0 mm | C60: kg | D60: 13959 | E60: 11.286912 | F60: 0 | G60: =F60*E60 -> 0 | H60: =F60/D60 -> 0 | J60: =I60*E60 -> 0 | K60: =I60/D60 -> 0 | L60: =F60+I60 -> 0 | M60: =G60+J60 -> 0 | N60: =H60+K60 -> 0
A61: 4.3.5 | B61: Fornecimento, dobragem e colocação em fôrma, de armadura CA-50 A grossa, diâmetro de 12.5 a 25.0mm | C61: kg | D61: 12205 | E61: 11.606112 | F61: 0 | G61: =F61*E61 -> 0 | H61: =F61/D61 -> 0 | J61: =I61*E61 -> 0 | K61: =I61/D61 -> 0 | L61: =F61+I61 -> 0 | M61: =G61+J61 -> 0 | N61: =H61+K61 -> 0
A62: 5 | B62: PAREDES E PAINÉIS | J62: =SUM(J64:J70) -> 0
A63: 5.1 | B63: ALVENARIA DE VEDAÇÃO
A64: 5.1.1 | B64: Cobogó de concreto tipo cruzeta de 20 x 20 x 10 cm, assentado com argamassa de cimento, cal hidratada e areia no traço1:0,5:5, espessura das juntas de 10mm e espessura de parede 10cm | C64: m² | D64: 14.08 | E64: 233.29972 | F64: 0 | G64: =F64*E64 -> 0 | H64: =F64/D64 -> 0 | J64: =I64*E64 -> 0 | K64: =I64/D64 -> 0 | L64: =F64+I64 -> 0 | M64: =G64+J64 -> 0 | N64: =H64+K64 -> 0
A65: 5.2 | B65: PLACAS E PAINÉIS DIVISÓRIOS
A66: 5.2.1 | B66: Divisória de granito com 3 cm de espessura, assentada com argamassa de cimento e areia no traço 1:3, na cor cinza | C66: m² | D66: 51.31 | E66: 485.8607 | F66: 0 | G66: =F66*E66 -> 0 | H66: =F66/D66 -> 0 | J66: =I66*E66 -> 0 | K66: =I66/D66 -> 0 | L66: =F66+I66 -> 0 | M66: =G66+J66 -> 0 | N66: =H66+K66 -> 0
A67: 5.3 | B67: VERGAS/CONTRAVERGA
A68: 5.3.1 | B68: Verga/contraverga reta de concreto armado 10 x 5 cm, Fck = 15 MPa, inclusive forma, armação e desforma | C68: m | D68: 114.4 | E68: 11.939948 | F68: 0 | G68: =F68*E68 -> 0 | H68: =F68/D68 -> 0 | J68: =I68*E68 -> 0 | K68: =I68/D68 -> 0 | L68: =F68+I68 -> 0 | M68: =G68+J68 -> 0 | N68: =H68+K68 -> 0
A69: 5.4 | B69: ALVENARIA DE VEDAÇÃO EMPREGANDO ARGAMASSA DE CIMENTO, CAL E AREIA
A70: 5.4.1 | B70: Alvenaria de blocos cerâmicos 10 furos 10x20x20cm, assentados c/argamassa de cimento, cal hidratada CH1 e areia traço 1:0,5:8, esp. das juntas 12mm e esp. das paredes s/revestimento, 10cm (bloco comprado na fábrica, posto obra) | C70: m² | D70: 1978.1 | E70: 60.430944 | F70: 0 | G70: =F70*E70 -> 0 | H70: =F70/D70 -> 0 | J70: =I70*E70 -> 0 | K70: =I70/D70 -> 0 | L70: =F70+I70 -> 0 | M70: =G70+J70 -> 0 | N70: =H70+K70 -> 0
A71: 6 | B71: ESQUADRIAS DE MADEIRA | J71: =SUM(J73:J77) -> 0
A72: 6.1 | B72: MARCOS E ALIZARES
A73: 6.1.1 | B73: Marco de madeira de lei de 1ª (Peroba, Ipê, Angelim Pedra ou equivalente) com 15 x 3 cm de batente, nas dimensões de 0.90 x 2.10 m | C73: und | D73: 40 | E73: 368.89306 | F73: 0 | G73: =F73*E73 -> 0 | H73: =F73/D73 -> 0 | J73: =I73*E73 -> 0 | K73: =I73/D73 -> 0 | L73: =F73+I73 -> 0 | M73: =G73+J73 -> 0 | N73: =H73+K73 -> 0
A74: 6.2 | B74: PORTA EM MADEIRA DE LEI TIPO ANGELIM PEDRA OU EQUIV.
A75: 6.2.1 | B75: Porta em madeira de lei tipo angelim pedra ou equiv.c/enchimento em madeira 1a.qualidade esp. 30mm p/ pintura, inclusive alizares, dobradiças e fechadura externa em latão cromado LaFonte ou equiv., exclusive marco, nas dim.: 0.90 x 2.10 m | C75: und | D75: 35 | E75: 1010.3701 | F75: 0 | G75: =F75*E75 -> 0 | H75: =F75/D75 -> 0 | J75: =I75*E75 -> 0 | K75: =I75/D75 -> 0 | L75: =F75+I75 -> 0 | M75: =G75+J75 -> 0 | N75: =H75+K75 -> 0
A76: 6.2.2 | B76: Porta em madeira de lei tipo angelim pedra ou equiv.c/enchimento em madeira 1a.qualidade esp. 30mm p/ pintura, inclusive alizares, dobradiças e fechadura externa em latão cromado LaFonte ou equiv., exclusive marco, nas dim.: 0.90 x 2.10 m, com puxador horizontal e revestimento resistente a impactos | C76: und | D76: 4 | E76: 1151.048 | F76: 0 | G76: =F76*E76 -> 0 | H76: =F76/D76 -> 0 | J76: =I76*E76 -> 0 | K76: =I76/D76 -> 0 | L76: =F76+I76 -> 0 | M76: =G76+J76 -> 0 | N76: =H76+K76 -> 0
A77: 6.2.3 | B77: Porta de correr em madeira de lei tipo angelim pedra ou equiv.c/enchimento em madeira 1a. qualidade esp. 30mm p/ pintura, inclusive alizares, fechadura tipo trinco bico de papagaio, ferragens e puxador duplo vertical, exclusive marco, nas dim.:0,90 x 2.10 m | C77: und | D77: 1 | E77: 885.34589 | F77: 0 | G77: =F77*E77 -> 0 | H77: =F77/D77 -> 0 | J77: =I77*E77 -> 0 | K77: =I77/D77 -> 0 | L77: =F77+I77 -> 0 | M77: =G77+J77 -> 0 | N77: =H77+K77 -> 0
A78: 7 | B78: ESQUADRIAS METÁLICAS | J78: =SUM(J80:J83) -> 0
A79: 7.1 | B79: GRADES E PORTÕES
A80: 7.1.1 | B80: Portão basculante em alumínio anodizado branco, em veneziana - fornecimento e instalação | C80: m² | D80: 6.3 | E80: 1273.8357 | F80: 0 | G80: =F80*E80 -> 0 | H80: =F80/D80 -> 0 | J80: =I80*E80 -> 0 | K80: =I80/D80 -> 0 | L80: =F80+I80 -> 0 | M80: =G80+J80 -> 0 | N80: =H80+K80 -> 0
A81: 7.2 | B81: ESQUADRIAS METÁLICAS (M2)
A82: 7.2.1 | B82: Janela tipo maxim-ar para vidro em alumínio anodizado natural, linha 25, completa, incl. puxador com tranca, caixilho, alizar e contramarco, exclusive vidro | C82: m² | D82: 10.82 | E82: 376.80443 | F82: 0 | G82: =F82*E82 -> 0 | H82: =F82/D82 -> 0 | J82: =I82*E82 -> 0 | K82: =I82/D82 -> 0 | L82: =F82+I82 -> 0 | M82: =G82+J82 -> 0 | N82: =H82+K82 -> 0
A83: 7.2.2 | B83: Porta de abrir tipo veneziana em alumínio anodizado, linha 25, completa, incl. puxador com tranca, caixilho, alizar e contramarco | C83: m² | D83: 17.88 | E83: 865.52684 | F83: 0 | G83: =F83*E83 -> 0 | H83: =F83/D83 -> 0 | J83: =I83*E83 -> 0 | K83: =I83/D83 -> 0 | L83: =F83+I83 -> 0 | M83: =G83+J83 -> 0 | N83: =H83+K83 -> 0
A84: 8 | B84: VIDROS E ESPELHOS | J84: =SUM(J86:J107) -> 0
A85: 8.1 | B85: VIDROS PARA ESQUADRIAS
A86: 8.1.1 | B86: Vidro liso laminado incolor de 8 mm - 4mm+4mm | C86: m² | D86: 10.82 | E86: 333.96783 | F86: 0 | G86: =F86*E86 -> 0 | H86: =F86/D86 -> 0 | J86: =I86*E86 -> 0 | K86: =I86/D86 -> 0 | L86: =F86+I86 -> 0 | M86: =G86+J86 -> 0 | N86: =H86+K86 -> 0
A87: 8.2 | B87: ESPELHOS
A88: 8.2.1 | B88: Espelho para banheiros espessura 4 mm, incluindo chapa compensada 10 mm, moldura de alumínio em perfil L 3/4", fixado com parafusos cromados | C88: m² | D88: 15.07 | E88: 698.87953 | F88: 0 | G88: =F88*E88 -> 0 | H88: =F88/D88 -> 0 | J88: =I88*E88 -> 0 | K88: =I88/D88 -> 0 | L88: =F88+I88 -> 0 | M88: =G88+J88 -> 0 | N88: =H88+K88 -> 0
A89: 8.3 | B89: PORTAS DE VIDRO
A90: 8.3.1 | B90: PORTA DE ABRIR, EM VIDRO TEMPERADO, 80X110 CM, ESPESSURA 10 MM, INCLUSIVE ACESSÓRIOS. | C90: UN | D90: 1 | E90: 1107.6038 | F90: 0 | G90: =F90*E90 -> 0 | H90: =F90/D90 -> 0 | J90: =I90*E90 -> 0 | K90: =I90/D90 -> 0 | L90: =F90+I90 -> 0 | M90: =G90+J90 -> 0 | N90: =H90+K90 -> 0
A91: 8.3.2 | B91: PORTA DE ABRIR COM MOLA HIDRÁULICA, EM VIDRO TEMPERADO, 90X210 CM, ESPESSURA 10 MM, INCLUSIVE ACESSÓRIOS | C91: UN | D91: 6 | E91: 1870.3751 | F91: 0 | G91: =F91*E91 -> 0 | H91: =F91/D91 -> 0 | J91: =I91*E91 -> 0 | K91: =I91/D91 -> 0 | L91: =F91+I91 -> 0 | M91: =G91+J91 -> 0 | N91: =H91+K91 -> 0
A92: 8.3.3 | B92: PORTA DE ABRIR COM MOLA HIDRÁULICA, EM VIDRO LAMINADAO 4MM+4MM, 90X210 CM,, INCLUSIVE ACESSÓRIOS | C92: UN | D92: 2 | E92: 1666.5581 | F92: 0 | G92: =F92*E92 -> 0 | H92: =F92/D92 -> 0 | J92: =I92*E92 -> 0 | K92: =I92/D92 -> 0 | L92: =F92+I92 -> 0 | M92: =G92+J92 -> 0 | N92: =H92+K92 -> 0
A93: 8.4 | B93: FACHADAS EM PELE DE VIDRO
A94: 8.4.1 | B94: FACHADA EM PELE DE VIDRO COM ESTRUTURA DE ALUMÍNIO ANODIZADO BRANCO, VIDRO LAMINADO LISO ESP. 4MM (CINZA) + 4MM (CINZA) COM 2 LINHAS DE MAXIM AR H=100MM E 1 PORTA DE CORRER DE 2 FOLHAS DE 160x210CM | C94: m² | D94: 41.2 | E94: 1886.1024 | F94: 0 | G94: =F94*E94 -> 0 | H94: =F94/D94 -> 0 | J94: =I94*E94 -> 0 | K94: =I94/D94 -> 0 | L94: =F94+I94 -> 0 | M94: =G94+J94 -> 0 | N94: =H94+K94 -> 0
A95: 8.4.2 | B95: FACHADA EM PELE DE VIDRO COM ESTRUTURA DE ALUMÍNIO ANODIZADO BRANCO, VIDRO LAMINADO LISO ESP. 4MM (CINZA) + 4MM (CINZA) COM 1 PORTA DE ABRIR DE 90X210CM | C95: m² | D95: 10.02 | E95: 1886.1024 | F95: 0 | G95: =F95*E95 -> 0 | H95: =F95/D95 -> 0 | J95: =I95*E95 -> 0 | K95: =I95/D95 -> 0 | L95: =F95+I95 -> 0 | M95: =G95+J95 -> 0 | N95: =H95+K95 -> 0
A96: 8.4.3 | B96: FACHADA EM PELE DE VIDRO COM ESTRUTURA DE ALUMÍNIO ANODIZADO BRANCO, VIDRO LAMINADO LISO ESP. 4MM (CINZA) + 4MM (CINZA) COM 2 LINHAS DE MAXIM AR H=100CM | C96: m² | D96: 10.02 | E96: 1886.1024 | F96: 0 | G96: =F96*E96 -> 0 | H96: =F96/D96 -> 0 | J96: =I96*E96 -> 0 | K96: =I96/D96 -> 0 | L96: =F96+I96 -> 0 | M96: =G96+J96 -> 0 | N96: =H96+K96 -> 0
A97: 8.4.4 | B97: FACHADA EM PELE DE VIDRO COM ESTRUTURA DE ALUMÍNIO ANODIZADO BRANCO, VIDRO LAMINADO LISO ESP. 4MM (CINZA) + 4MM (CINZA), COM JANELA MAXIM AR DE 520X100CM COM FIXO SUPERIOR DE 520X494CM E FIXO INFERIOR DE 520X110CM | C97: m² | D97: 73.22 | E97: 1793.7273 | F97: 0 | G97: =F97*E97 -> 0 | H97: =F97/D97 -> 0 | J97: =I97*E97 -> 0 | K97: =I97/D97 -> 0 | L97: =F97+I97 -> 0 | M97: =G97+J97 -> 0 | N97: =H97+K97 -> 0
A98: 8.4.5 | B98: FACHADA EM PELE DE VIDRO COM ESTRUTURA DE ALUMÍNIO ANODIZADO BRANCO, VIDRO LAMINADO LISO ESP. 4MM (CINZA) + 4MM (CINZA), COM JANELA MAXIM AR DE 635X100CM COM FIXO SUPERIOR DE 635X494CM E FIXO INFERIOR DE 635X110CM | C98: m² | D98: 89.41 | E98: 1813.7209 | F98: 0 | G98: =F98*E98 -> 0 | H98: =F98/D98 -> 0 | J98: =I98*E98 -> 0 | K98: =I98/D98 -> 0 | L98: =F98+I98 -> 0 | M98: =G98+J98 -> 0 | N98: =H98+K98 -> 0
A99: 8.4.6 | B99: FACHADA EM PELE DE VIDRO COM ESTRUTURA DE ALUMÍNIO ANODIZADO BRANCO, VIDRO LAMINADO LISO ESP. 4MM (CINZA) + 4MM (CINZA), COM JANELA MAXIM AR DE 940X100CM COM FIXO INFERIOR DE 940X110CM, FIXO CENTRAL DE 940CMX260CM E MAXIM AR SUPERIOR DE 940X100CM E FIXO SUPERIOR DE 940CX134CM | C99: m² | D99: 66.18 | E99: 1813.7209 | F99: 0 | G99: =F99*E99 -> 0 | H99: =F99/D99 -> 0 | J99: =I99*E99 -> 0 | K99: =I99/D99 -> 0 | L99: =F99+I99 -> 0 | M99: =G99+J99 -> 0 | N99: =H99+K99 -> 0
A100: 8.4.7 | B100: FACHADA EM PELE DE VIDRO COM ESTRUTURA DE ALUMÍNIO ANODIZADO BRANCO, VIDRO LAMINADO LISO ESP. 4MM (CINZA) + 4MM (CINZA), COM JANELA MAXIM AR DE 603X100CM COM FIXO ISUPERIOR DE 630X500M, FIXO INFERIOR DE 603X110CM | C100: m² | D100: 42.21 | E100: 1813.7209 | F100: 0 | G100: =F100*E100 -> 0 | H100: =F100/D100 -> 0 | J100: =I100*E100 -> 0 | K100: =I100/D100 -> 0 | L100: =F100+I100 -> 0 | M100: =G100+J100 -> 0 | N100: =H100+K100 -> 0
A101: 8.4.8 | B101: FACHADA EM PELE DE VIDRO COM ESTRUTURA DE ALUMÍNIO ANODIZADO BRANCO, VIDRO LAMINADO LISO ESP. 4MM (CINZA) + 4MM (CINZA), COM JANELA MAXIM AR DE 883,5X100CM COM FIXO INFERIOR DE 883,5X110CM, FIXO CENTRAL DE 883,5x260CM E MAXIM AR SUPERIOR DE 883,5X100CM E FIXO SUPERIOR DE 883,5CX134CM E 1 PORTA DE ABRIR DE 90X210M | C101: m² | D101: 61.57 | E101: 1862.1679 | F101: 0 | G101: =F101*E101 -> 0 | H101: =F101/D101 -> 0 | J101: =I101*E101 -> 0 | K101: =I101/D101 -> 0 | L101: =F101+I101 -> 0 | M101: =G101+J101 -> 0 | N101: =H101+K101 -> 0
...

Sheet Memória de Cálculo 3ª medição
A1: CONSTRUÇÃO DA SEDE MUNICIPAL
A2: MEMORIA DE CÁLCULO DA TERCEIRA MEDIÇÃO
A3: 1 | B3: =VLOOKUP(A3,'MEDIÇÃO 3'!$A$9:$C$552,2,0) -> SERVIÇOS PRELIMINARES
A4: 1.1 | B4: LOCAÇÃO
A5: 1.1.2 | B5: =VLOOKUP(A5,'MEDIÇÃO 3'!$A$9:$C$552,2,0) -> Equipe topográfica para serviços simples de locação e nivelamento (incluindo equipamento, transporte e profissionais nivel médio) | H5: =VLOOKUP(A5,'MEDIÇÃO 3'!$A$9:$C$552,3,0) -> mês
B6: Equipe topográfica para marcação da cota e locação da obra Dia: 07/03, 09/03, 10/03 e 13/03:0,133 Saldo planilha=0,09 | H6: 0.09
A8: 3 | B8: =VLOOKUP(A8,'MEDIÇÃO 3'!$A$9:$C$552,2,0) -> MOVIMENTO DE TERRA
A9: 3.1 | B9: =VLOOKUP(A9,'MEDIÇÃO 3'!$A$9:$C$552,2,0) -> ESCAVAÇÕES
A10: 3.1.1 | B10: =VLOOKUP(A10,'MEDIÇÃO 3'!$A$9:$C$552,2,0) -> Escavação mecânica em material de 1a. categoria | H10: =VLOOKUP(A10,'MEDIÇÃO 3'!$A$9:$C$552,3,0) -> m³
B11: Para critério do espaçamento da escavação, usou-se o “Roteiro para procedimentos de levantamentos de serviços de obras civis para orçamentos sistema LABOR/ITUFES – IOPES”, sistema de referência do item em questão. | H11: =SUM(F17:G104) -> 335.38043
B12: Para construção de uma fundação ou vala de largura B, comprimento L e profundidade H, a escavação deve conter uma folga de 20 cm para cada lado e 10cm na profundidade para garantir trabalhabilidade, Logo: Vescavação = (B+40 cm) x (L+40 cm) x (H+10 cm) | F12: =C12*D12*E12 -> 0
B13: Esse procedimento é utilizado no caso de fundações e caixas de pequena profundidade. Quando a escavação tiver profundidade e forma onde os 20 cm para cada lado não for suficiente, em termos de trabalhabilidade, deve-se aumentar esse valor, até que se torne possível o trabalho. Na medida do possível as figuras sólidas são decompostas em figuras simples, tais como paralelepípedos ou prismas. | F13: =C13*D13*E13 -> 0
B14: Sendo assim, para os blocos de 60x60m, foi adotado a recomendação do Roteiro apresentado, uma vez que as caixas são pequena. | F14: =C14*D14*E14 -> 0
B15: Com relação as caixas maiores, A NBR 9061, que dispõe do seguinte: “Para trabalhos em cavas de fundação que devem ser pisadas por pessoas, é indispensável que haja espaço de trabalho com no mínimo 0,50m de largura”. No entanto, para melhor escoramento das caixas, foi necessário a escavação de 0,8m além das dimensões das caixas. | F15: =C15*D15*E15 -> 0
B16: ELEMENTO | C16: Largura (m) | D16: Comprimento (m) | E16: Profundidade (m) | F16: Volume (m³)
B17: BPC1 | C17: 1 | D17: 1 | E17: 1 | F17: =C17*D17*E17 -> 1
B18: BPC2 | C18: 1 | D18: 1 | E18: 1 | F18: =C18*D18*E18 -> 1
B19: BPC3 | C19: 1 | D19: 0.74 | E19: 1 | F19: =C19*D19*E19 -> 0.74
B20: BPC4 | C20: 1 | D20: 0.74 | E20: 1 | F20: =C20*D20*E20 -> 0.74
B21: BPC5 | C21: 1 | D21: 1 | E21: 1 | F21: =C21*D21*E21 -> 1
B22: BPC6 | C22: 1 | D22: 0.74 | E22: 1 | F22: =C22*D22*E22 -> 0.74
B23: BPC7 | C23: 1 | D23: 1 | E23: 1 | F23: =C23*D23*E23 -> 1
B24: BPC8 | C24: 1 | D24: 1 | E24: 1 | F24: =C24*D24*E24 -> 1
B25: BPC9 | C25: 1 | D25: 1 | E25: 1 | F25: =C25*D25*E25 -> 1
B26: BPC10 | C26: 1 | D26: 1 | E26: 1 | F26: =C26*D26*E26 -> 1
B27: BPC11 | C27: 1 | D27: 1 | E27: 1 | F27: =C27*D27*E27 -> 1
B28: BPC12 | C28: 1 | D28: 1 | E28: 1 | F28: =C28*D28*E28 -> 1
... B60: B31 | C60: 1 | D60: 1 | E60: 1 | F60: =C60*D60*E60 -> 1
B61: B32 | C61: 6.09 | D61: 3.03 | E61: 1 | F61: =C61*E61 -> 6.09
B62: B35, V6, V8, V9 (elevador) | C62: 2.93 | D62: 3.19 | E62: 1.56 | F62: =C62*D62*E62 -> 14.580852
B63: B33 | C63: 2.23 | D63: 3.03 | E63: 1 | F63: =C63*D63*E63 -> 6.7569
B64: B34 | C64: 3.37 | D64: 2.92 | E64: 1 | F64: =C64*D64*E64 -> 9.8404
B65: B35 | C65: 1 | D65: 1 | E65: 1 | F65: =C65*D65*E65 -> 1
B66: B36 | C66: 2.2 | D66: 3 | E66: 1 | F66: =C66*D66*E66 -> 6.6
B67: B37 | C67: 2.2 | D67: 3 | E67: 1 | F67: =C67*D67*E67 -> 6.6
B68: B38 | C68: 2.2 | D68: 3 | E68: 1 | F68: =C68*D68*E68 -> 6.6
B69: C1 | C69: 0.54 | D69: 2.5 | E69: 0.28 | F69: =C69*D69*E69 -> 0.378
B70: C2 | C70: 0.54 | D70: 9.29 | E70: 0.28 | F70: =C70*D70*E70 -> 1.404648
B71: C3 | C71: 0.54 | D71: 0.24 | E71: 0.28 | F71: =C71*D71*E71 -> 0.036288
B72: C4 | C72: 0.54 | D72: 2.67 | E72: 0.28 | F72: =C72*D72*E72 -> 0.403704
B73: C5 | C73: 0.54 | D73: 0.88 | E73: 0.28 | F73: =C73*D73*E73 -> 0.133056
... B95: V7 | C95: 0.54 | D95: 2.1 | E95: 0.28 | F95: =C95*D95*E95 -> 0.31752
B96: V8 | C96: 0.54 | D96: =0.74-0.2 -> 0.54 | E96: 0.28 | F96: =C96*D96*E96 -> 0.081648
B97: V10 | C97: 0.54 | D97: 2.44 | E97: 0.28 | F97: =C97*D97*E97 -> 0.368928
B98: V11 | C98: 0.54 | D98: =1.56+0.88 -> 2.44 | E98: 0.28 | F98: =C98*D98*E98 -> 0.368928
B99: CORT 1 (divisa) | C99: 1 | D99: 23.44 | E99: 0.4 | F99: =C99*D99*E99 -> 9.376
B100: CORT 1 (frente) | C100: 1 | D100: 16.8 | E100: 0.4 | F100: =C100*D100*E100 -> 6.72
B101: CORT 1 (fundos) | C101: 1 | D101: =1.34+2.14 -> 3.48 | E101: 0.4 | F101: =C101*D101*E101 -> 1.392
B102: CORT 2 | C102: 1.1 | D102: 27.9 | E102: 0.4 | F102: =C102*D102*E102 -> 12.276
B103: CORT 3 | C103: 1.1 | D103: 9.71 | E103: 0.4 | F103: =C103*D103*E103 -> 4.2724
B104: CORT 4 | C104: 1 | D104: =2.35+1.12+1.4+1.61 -> 6.48 | E104: 0.4 | F104: =C104*D104*E104 -> 2.592
A107: 3.2 | B107: =VLOOKUP(A107,'MEDIÇÃO 3'!$A$9:$C$552,2,0) -> REATERRO E COMPACTAÇÃO
A108: 3.3.2 | B108: =VLOOKUP(A108,'MEDIÇÃO 3'!$A$9:$C$552,2,0) -> CARGA, MANOBRA E DESCARGA DE ENTULHO EM CAMINHÃO BASCULANTE 10 M³ DESCARGA LIVRE (UNIDADE: M3) | H108: =VLOOKUP(A108,'MEDIÇÃO 3'!$A$9:$C$552,3,0) -> m³
B109: Local | C109: Volume (m³) | D109: Empolamento | G109: Total (m³) | H109: =SUM(G110) -> 435.99456
B110: Escavação dos blocos, cortina e cintas | C110: =H11 -> 335.38043 | D110: 1.3 | G110: =C110*D110 -> 435.99456
A112: 4 | B112: =VLOOKUP(A112,'MEDIÇÃO 3'!$A$9:$C$552,2,0) -> ESTRUTURAS
A113: 4.1 | B113: =VLOOKUP(A113,'MEDIÇÃO 3'!$A$9:$C$552,2,0) -> INFRA-ESTRUTURA (FUNDAÇÃO ESTAQUEAMENTO)
A114: 4.1.8 | B114: =VLOOKUP(A114,'MEDIÇÃO 3'!$A$9:$C$552,2,0) -> Arrasamento de estaca de concreto armado, até 30cm de lado ou diâmetro | H114: =VLOOKUP(A114,'MEDIÇÃO 3'!$A$9:$C$552,3,0) -> UN
B115: Estacas 26, 27, 28, 29, 30, 31, 46, 47, 48, 49, 51, 52= 12 unidade | H115: 12
A116: 4.2 | B116: =VLOOKUP(A116,'MEDIÇÃO 3'!$A$9:$C$552,2,0) -> INFRA-ESTRUTURA (FUNDAÇÃO)
A117: 4.2.1 | B117: =VLOOKUP(A117,'MEDIÇÃO 3'!$A$9:$C$552,2,0) -> Fôrma de tábua de madeira de 2.5 x 30.0 cm para fundações, levando-se em conta a utilização 5 vezes (incluido o material, corte, montagem, escoramento e desforma) | H117: =VLOOKUP(A117,'MEDIÇÃO 3'!$A$9:$C$552,3,0) -> m²
B118: Local | C118: Qtd. | D118: P (m) | E118: h (m) | G118: Total (m³) | H118: =SUM(G119:G136) -> 265.3912
B119: Cortina 1 (Frentel) | C119: 2 | D119: =24 -> 24 | E119: 1.2 | G119: =D119*E119*C119 -> 57.6
B120: Cortina 1 (Frente) - sapata | C120: 1 | D120: 24 | E120: 0.2 | G120: =D120*E120*C120 -> 4.8
B121: Cortina 1 (Frente) – sapata (sobreposição) | C121: 1 | D121: =24-0.6*7 -> 19.8 | E121: 0.2 | G121: =D121*E121*C121 -> 3.96
B122: Cortina 2 | C122: 2 | D122: 34 | E122: 1.2 | G122: =D122*E122*C122 -> 81.6
B123: Cortina 2 - Sapata | C123: 1 | D123: 34 | E123: 0.2 | G123: =D123*E123*C123 -> 6.8
B124: Cortina 2 - Sapata | C124: 1 | D124: =34-0.6*6 -> 30.4 | E124: 0.2 | G124: =D124*E124*C124 -> 6.08
B125: Blocos 1 estaca com sobreposição na cortina: BPC 14 ao BPC21, BPC1 ao BPC6, B2, B31, B35, B39 | C125: 18 | D125: =4*0.6*0.6+0.2*0.2*2+0.6*0.2 -> 1.64 | G125: =C125*D125 -> 29.52
B126: Blocos 1 estaca: BPC7, BPC8 | C126: 2 | D126: =0.6*4 -> 2.4 | E126: 0.8 | G126: =D126*E126*C126 -> 3.84
B127: Blocos 2 estacas: B36, B37, B38 | C127: 3 | D127: =1.4+1.4+0.6+0.6 -> 4 | E127: 0.8 | G127: =D127*E127*C127 -> 9.6
B128: Blocos 2 estacas: B28, B29, B32, B33 | C128: 4 | D128: =1.43+1.43+0.63+0.63 -> 4.12 | E128: 0.8 | G128: =D128*E128*C128 -> 13.184
B129: Blocos 3 estacas: B30 e B34 | C129: 2 | D129: =1.161+1.161+0.363+0.364+0.364+1.164 -> 4.577 | E129: 0.8 | G129: =D129*E129*C129 -> 7.3232
B130: Bloco 4 estacas:B5, B6 | C130: 2 | D130: =1.43+1.43+2.03+2.03 -> 6.92 | E130: 1.1 | G130: =D130*E130*C130 -> 15.224
B131: Bloco 4 estacas:B4, B12 e B21 | C131: 3 | D131: =1.43*4 -> 5.72 | E131: 0.9 | G131: =D131*E131*C131 -> 15.444
B132: Pilares: P2, P39, P35 | C132: 3 | D132: =0.5+0.3+0.3 -> 1.1 | E132: 1.2 | G132: =D132*E132*C132 -> 3.96
B133: Vigas / Cintas
B134: V6 - (lado externo poço elevador) | C134: 1 | D134: 1.94 | E134: 1.2 | G134: =D134*E134*C134 -> 2.328
B135: V8 - (lado externo poço elevador) | C135: 1 | D135: 1.64 | E135: 1.2 | G135: =D135*E135*C135 -> 1.968
B136: V9 - (lado externo poço elevador) | C136: 1 | D136: 1.8 | E136: 1.2 | G136: =D136*E136*C136 -> 2.16
A137: 4.2.2 | B137: =VLOOKUP(A137,'MEDIÇÃO 3'!$A$9:$C$552,2,0) -> Fornecimento, preparo e aplicação de concreto Fck = 30 MPa (com brita 1 e 2) - (5% de perdas já incluído no custo) | H137: =VLOOKUP(A137,'MEDIÇÃO 3'!$A$9:$C$552,3,0) -> m³
B138: Local | C138: Qtd. | D138: C (m) | E138: h (m) | F138: l (m) | G138: Total (m³) | H138: =SUM(G139:G150) -> 44.51049
B139: Cortina 1 - sapata | C139: 1 | D139: =24 -> 24 | E139: 0.2 | F139: 0.6 | G139: =D139*E139*C139*F139 -> 2.88
B140: Cortina 1 | C140: 1 | D140: 24 | E140: 1.2 | F140: 0.2 | G140: =D140*E140*C140*F140 -> 5.76
B141: Cortina 2 -sapata | C141: 1 | D141: 34 | E141: 0.2 | F141: 0.7 | G141: =D141*E141*C141*F141 -> 4.76
B142: Cortina 2 | C142: 1 | D142: 34 | E142: 1.2 | F142: 0.2 | G142: =D142*E142*C142*F142 -> 8.16
B143: Blocos 1 estaca com sobreposição na cortina: BPC 16 ao BPC21, BPC1 ao BPC6, B2, B39 | C143: 14 | D143: =0.6*0.6*0.6+0.6*0.2*0.2 -> 0.24 | G143: =C143*D143 -> 3.36
B144: BPC7 e BPC8 | C144: 2 | D144: 0.6 | E144: 0.8 | F144: 0.6 | G144: =D144*E144*C144*F144 -> 0.576
B145: Blocos 2 estacas: B36, B37, B38 | C145: 3 | D145: 1.4 | E145: 0.8 | F145: 0.6 | G145: =D145*E145*C145*F145 -> 2.016
B146: Blocos 2 estacas: B28, B29, B32, B33 | C146: 4 | D146: 1.43 | E146: 0.8 | F146: 0.63 | G146: =D146*E146*C146*F146 -> 2.88288
B147: Bloco 4 estacas:B5, B6 | C147: 2 | D147: 2.03 | E147: 1.1 | F147: 1.43 | G147: =D147*E147*C147*F147 -> 6.38638
B148: Bloco 4 estacas:B4, B12 e B21 | C148: 3 | D148: 1.43 | E148: 0.9 | F148: 1.43 | G148: =D148*E148*C148*F148 -> 5.52123
D149: Área | E149: h (m)
B150: Blocos 3 estacas: B30 e B34 | C150: 2 | D150: 1.38 | E150: 0.8 | G150: =D150*E150*C150 -> 2.208
A151: 4.2.3 | B151: =VLOOKUP(A151,'MEDIÇÃO 3'!$A$9:$C$552,2,0) -> Fornecimento, preparo e aplicação de concreto magro com consumo mínimo de cimento de 250 kg/m3 (brita 1 e 2) - (5% de perdas já incluído no custo) | H151: =VLOOKUP(A151,'MEDIÇÃO 3'!$A$9:$C$552,3,0) -> m³
B152: Local | C152: Qtd. | D152: C (m) | E152: h (m) | F152: l (m) | G152: Total (m³) | H152: =SUM(G153:G181) -> 3.546095
B153: Cortina 1 (Frente) | C153: 1 | D153: =24 -> 24 | E153: 0.05 | F153: 0.6 | G153: =D153*E153*C153*F153 -> 0.72
B154: Cortina 2 | C154: 1 | D154: 34 | E154: 0.05 | F154: 0.7 | G154: =D154*E154*C154*F154 -> 1.19
B155: Área da cortina sobreposta no bloco: BPC 14 ao BPC21, BPC1 ao BPC6, B2, B31, B35, B39 | C155: 18 | D155: 0.6 | E155: 0.05 | F155: 0.4 | G155: =-D155*E155*C155*F155 -> -0.216
B156: Blocos 1 estaca: BPC 14 ao BPC21, BPC1 ao BPC8, B2, B31, B35, B39, B17, B19 | C156: 22 | D156: 0.6 | E156: 0.05 | F156: 0.6 | G156: =D156*E156*C156*F156 -> 0.396
...
